 Dungeon Crawl Stone Soup version 0.31-a0-1338-gb567cfdca4 (webtiles) character file.

Game seed: 15045035692987524881

257 Iich the Trooper (level 5, -1/42 HPs)
             Began as a Demonspawn Fighter on Dec 21, 2023.
             Constricted to death by Ijyb (4 damage)
             ... on level 3 of the Dungeon.
             The game lasted 00:04:14 (2116 turns).

Iich the Trooper (Demonspawn Fighter)               Turns: 2116, Time: 00:04:15

Health: -1/42      AC: 10    Str: 18    XL:     5   Next: 93%
Magic:  5/5        EV:  7    Int:  8    God:
Gold:   103        SH: 10    Dex: 13    Spells: 4/4 levels left

rFire   . . .        a - +0 war axe
rCold   . . .        c - +0 buckler
rNeg    . . .        b - +0 scale mail
rPois   .            (no helmet)
rElec   .            t - +0 cloak
rCorr   .            (no gloves)
SInv    .            e - +2 pair of boots
Will    .....        f - amulet of the acrobat Stlth
                     (no ring)
HPRegen 0.27/turn    (no ring)
MPRegen 0.09/turn

%: acrobat
@: grasped by roots, constricted
A: large bone plates 2, powered by pain 1
a: no special abilities


You were on level 3 of the Dungeon.
You visited 1 branch of the dungeon, and saw 3 of its levels.

You collected 103 gold pieces.

Inventory:

Hand Weapons
 a - a +0 war axe (weapon)
Armour
 b - a +0 scale mail (worn)
 c - a +0 buckler (worn)
 e - a +2 pair of boots (worn)
 t - a +0 cloak (worn)
Jewellery
 f - an amulet of the acrobat (around neck)
 i - a ring of ice
 m - a ring of magical power
Scrolls
 g - a scroll of fear
 h - a scroll of immolation
 k - a scroll of fog {unknown}
 l - a scroll of poison {unknown}
 o - a scroll of enchant armour {unknown}
 p - a scroll of noise
 r - a scroll of teleportation {unknown}
Potions
 d - a potion of might
 j - a potion of attraction
 n - a potion of berserk rage {unknown}
 q - 2 potions of curing
 s - a potion of enlightenment {unknown}


   Skills:
 + Level 4.2 Fighting
 * Level 4.2 Axes
 - Level 2.6 Armour
 + Level 2.3 Dodging
 - Level 2.6 Shields


You had 4 spell levels left.
You didn't know any spells.
Your spell library was empty.

Dungeon Overview and Level Annotations

Branches:
Dungeon (3/15)

Altars:
Wu Jian
Yredelemnul

Annotations:
D:3 1 runed translucent door, Ijyb; JohnnyKeats's ghost, amateur FoFi


Innate Abilities, Weirdness & Mutations

You are mostly covered in large bone plates. (SH +6)
You sometimes gain a little power by taking damage.


Message History

* * * LOW HITPOINT WARNING * * *
The grasping roots release their grip on you.
You take 4 damage, and have 15/42 hp.
Unknown command.
You closely miss Ijyb.
Ijyb is heavily wounded.
Ijyb hits you but does no damage.
Unknown command.
You hit Ijyb.
Ijyb is heavily wounded.
Ijyb zaps a wand.
The roots erupt in riotous growth!
The grasping roots grab you!
Ijyb is unaffected.
The grasping roots constrict you.
* * * LOW HITPOINT WARNING * * *
You block Ijyb's attack. The grasping roots constrict you.
You barely miss Ijyb.
Ijyb is heavily wounded.
Ijyb misses you. The grasping roots constrict you.
* * * LOW HITPOINT WARNING * * *
The grasping roots release their grip on you.
Unknown command.
You take 3 damage, and have 12/42 hp.
You closely miss Ijyb.
Ijyb is heavily wounded.
You block Ijyb's attack.
Ijyb zaps a wand.
The roots erupt in riotous growth!
The grasping roots grab you!
Ijyb is unaffected.
The grasping roots constrict you.
* * * LOW HITPOINT WARNING * * *
Unknown command.
You barely miss Ijyb.
Ijyb is heavily wounded.
Ijyb screams, "Level is mine!
All mine!"
You block Ijyb's attack. The grasping roots constrict you.
* * * LOW HITPOINT WARNING * * *
Unknown command.
You take 9 damage, and have 3/42 hp. !!!!--MASSIVE DAMAGE--!!!!
You completely miss Ijyb.
Ijyb is heavily wounded.
You block Ijyb's attack. The grasping roots constrict you.
You die...

#####..#.#.####.#.
#...#.#.# ..
##...#.#.# #.
#...##.#.######.
#...##..........
##...##.### #.<..
###...##### #..†.
###.....#
#####...)
#...@..##
#........
#...g.###
).###.... #...###
#....... #...#
...##.... #... ..
#.... #.. . #####
#. ..## .. #...
####


You could see Ijyb.

Vanquished Creatures
  Sigmund (D:3)
  An orc priest (D:3)
  A worm (D:2)
  A dart slug (D:1)
  4 orcs (D:3)
  4 ball pythons
  2 bats
  5 endoplasms
  A giant cockroach (D:1)
  4 goblins
  6 hobgoblins
  3 jackals (D:1)
  5 kobolds
  A quokka (D:2)
  2 frilled lizards (D:1)
  3 rats
44 creatures vanquished.

Notes
Turn   | Place    | Note
-------+----------+-------------------------------------------
     0 | D:1      | Iich the Demonspawn Fighter began the quest for the Orb.
     0 | D:1      | Reached XP level 1. HP: 18/18 MP: 1/1
   120 | D:1      | Found a faded altar of an unknown god.
   340 | D:1      | Gained mutation: You are partially covered in large bone
                  | plates. (SH +4) [demonic ancestry]
   340 | D:1      | Reached XP level 2. HP: 24/24 MP: 2/2
  1081 | D:2      | Reached skill level 1 in Dodging
  1081 | D:2      | Gained mutation: You sometimes gain a little power by
                  | taking damage. [demonic ancestry]
  1081 | D:2      | Reached XP level 3. HP: 29/29 MP: 3/3
  1619 | D:3      | Found a runed translucent door.
  1620 | D:3      | Noticed JohnnyKeats's ghost (amateur FoFi)
  1868 | D:3      | Found a basalt altar of Yredelemnul.
  1869 | D:3      | Found an ornate altar of the Wu Jian Council.
  1877 | D:3      | Noticed Sigmund
  1899 | D:3      | Killed Sigmund
  1900 | D:3      | Reached XP level 4. HP: 7/37 MP: 4/4
  1900 | D:3      | Gained mutation: You are mostly covered in large bone
                  | plates. (SH +6) [demonic ancestry]
  1900 | D:3      | Reached XP level 5. HP: 8/42 MP: 5/5
  2100 | D:3      | Noticed Ijyb
  2116 | D:3      | Constricted to death by Ijyb

Illustrated notes

Levels and vault maps discovered:
D:1:      sevenhm_arrival_forest_fort_large_4, layout_loops_corners,
          hellmonk_ecumenical_altar_blasted
D:2:      layout_basic, grunt_decor_resistance, chequers_serial_rivers_micro_a
D:3:      layout_rooms, nicolae_overflow_squiral, serial_curves, eino_curves_04,
          eino_curves_03, eino_curves_04, eino_curves_03, ebering_ghost_sewer_d,
          patterned_corridor, uniq_sigmund, uniq_ijyb

Skill      XL: |  1  2  3 |
---------------+----------+-----
Axes           | 2 4 |  4.2
Dodging        | 1 2 |  2.3
Fighting       | 4 |  4.2
Armour         | |  2.6
Shields        | |  2.6

Action                     |  1- 3 |  4- 6 || total
---------------------------+-------+-------++-------
  Melee: War axe           |   125 |    29 ||   154
    Use: Potion            |     2 |       ||     2
         Scroll            |     2 |       ||     2
 Armour: Scale mail        |    61 |     4 ||    65
  Dodge: Dodged            |    65 |    10 ||    75
  Block: Buckler           |    73 |    18 ||    91

Table legend: (Time is in decaauts)
 A = Elapsed time spent in this place.
 B = Non-inter-level travel time spent in this place.
 C = Inter-level travel time spent in this place.
 D = Time resting spent in this place.
 E = Time spent auto-exploring this place.
 F = Levels seen in this place.
 G = Mean time per level.
                   A        B        C        D        E       F      G
               +--------+--------+--------+--------+--------+-----+--------+
         Total |   2175 |   2116 |     59 |    126 |   1589 |   3 |  725.0 |
       Dungeon |   2175 |   2116 |     59 |    126 |   1589 |   3 |  725.0 |
               +--------+--------+--------+--------+--------+-----+--------+

Top non-repeatable levels by time:
     D:1: 917 daAuts
     D:2: 715 daAuts
     D:3: 543 daAuts
